 Dungeon Crawl Stone Soup version 0.20-a0-760-g49f5558 (webtiles) character file.

18197 polly the Protected (level 12, -2/92 HPs)
             Began as a Demonspawn Gladiator on Feb 25, 2017.
             Was a High Priest of Okawaru.
             Killed by divine providence
             ... invoked by a meliai
              (11 damage)
             ... on level 12 of the Dungeon.
             The game lasted 00:21:42 (11065 turns).

polly the Protected (Demonspawn Gladiator)         Turns: 11065, Time: 00:21:43

Health: -2/92      AC: 22    Str: 17    XL:     12   Next: 25%
Magic:  12/12      EV: 10    Int: 12    God:    Okawaru [*****.]
Gold:   689        SH:  0    Dex: 15    Spells: 11/11 levels left

rFire    . . .     SeeInvis .   s - +0 whip (elec)
rCold    . . .     Gourm    .   f - +0 chain mail
rNeg     . . .     Faith    .   (no shield)
rPois    .         Spirit   .   c - +1 hat {MR+}
rElec    .         Reflect  .   (no cloak)
rCorr    .         Harm     .   (no gloves)
MR       +....                  F - +0 pair of boots
Stlth    ..........             (no amulet)
Regen    0.3/turn               y - +3 ring of protection
MPRegen  0.2/turn               x - +2 ring of protection

@: about to teleport
A: antennae 1, thin metallic scales 2, powered by death 3, spiny 2
a: Heroism, Finesse, Renounce Religion


You were on level 12 of the Dungeon.
You worshipped Okawaru.
Okawaru was extremely pleased with you.
You were hungry.

You visited 2 branches of the dungeon, and saw 15 of its levels.

You collected 765 gold pieces.
You spent 76 gold pieces at shops.

Inventory:

Hand Weapons
 s - a +0 whip of electrocution (weapon)
Armour
 c - a +1 hat of magic resistance (worn)
 f - a +0 chain mail (worn)
 F - a +0 pair of boots (worn)
Jewellery
 j - a +3 ring of intelligence
 x - a +2 ring of protection (left hand)
 y - a +3 ring of protection (right hand)
 G - an uncursed ring of resist corrosion
Wands
 u - a wand of digging (16/24)
Scrolls
 a - 4 scrolls of teleportation
 b - a scroll of vulnerability
 e - 8 scrolls of remove curse
 g - 3 scrolls of fog
 h - 3 scrolls of enchant armour
 o - 3 scrolls of blinking
 p - 2 scrolls of amnesia
 q - 4 scrolls of magic mapping
 t - a scroll of recharging
 I - a scroll of identify
Potions
 i - 2 potions of curing
 l - 2 potions of haste
 n - a potion of invisibility {unknown}
 z - 3 potions of degeneration {unknown}
 A - a potion of magic {unknown}
 E - a potion of ambrosia {unknown}
 H - a potion of agility {unknown}
 J - a potion of heal wounds
Books
 k - a book of Cantrips

   Spells                             Type                      Level
   a - Confusing Touch                Hexes                        1
   b - Animate Skeleton               Necromancy                   1
   c - Summon Small Mammal            Summoning                    1
   d - Apportation                    Translocation                1
 v - a book of Callings

   Spells                             Type                      Level
   a - Summon Small Mammal            Summoning                    1
   b - Call Imp                       Summoning                    2
   c - Call Canine Familiar           Summoning                    3
   d - Summon Guardian Golem          Hexes/Summoning              3
   e - Summon Lightning Spire         Summoning/Air                4
   f - Summon Ice Beast               Ice/Summoning                4
 B - a book of Changes

   Spells                             Type                      Level
   a - Beastly Appendage              Transmutation                1
   b - Sticks to Snakes               Transmutation                2
   c - Spider Form                    Transmutation/Poison         3
   d - Ice Form                       Ice/Transmutation            4
   e - Blade Hands                    Transmutation                5
 C - a book of Minor Magic

   Spells                             Type                      Level
   a - Magic Dart                     Conjuration                  1
   b - Blink                          Translocation                2
   c - Call Imp                       Summoning                    2
   d - Slow                           Hexes                        2
   e - Conjure Flame                  Conjuration/Fire             3
   f - Mephitic Cloud                 Conjuration/Poison/Air       3
Comestibles
 d - 7 bread rations
 m - 3 royal jellies
 r - 6 meat rations
 w - 10 fruits


   Skills:
 + Level 7.7 Fighting
 + Level 8.0 Maces & Flails
 + Level 2.6 Throwing
 + Level 11.5 Armour
 + Level 5.4 Dodging
 + Level 3.7 Stealth
 - Level 8.6 Unarmed Combat


You had 11 spell levels left.
You didn't know any spells.

Dungeon Overview and Level Annotations

Branches:
Dungeon (14/15)            Temple (1/1) D:4            Lair (0/6) D:10
    Orc (0/2) D:11         Vaults (0/5) D:13

Altars:
Ashenzari
Cheibriados
Dithmenos
Elyvilon
Fedhas
Gozag
Hepliaklqana
Kikubaaqudgha
Makhleb
Nemelex Xobeh
Okawaru
Qazlal
Ru
Sif Muna
Trog
Uskayaw
Vehumet
Wu Jian
Xom
Yredelemnul
Zin
The Shining One

Shops:
D:11 *   D:13 [

Portals:
Trove: D:14 (give 18 potions of curing)

Annotations:
D:5 varamyr's ghost, amateur TrMo


Innate Abilities, Weirdness & Mutations

You have a pair of small antennae on your head.
You are mostly covered in thin metallic scales. (AC +3)
You regenerate a lot of health from kills.
You are mostly covered in sharp spines.


Message History

There is an open door here.
The killer bee barely misses your shadow.
The killer bee closely misses your shadow.
The killer bee barely misses your shadow.
As you read the scroll of teleportation, it crumbles to dust.
You feel strangely unstable.
The meliai hits your shadow with a hand axe of distortion!
Your shadow is devoured by a tear in reality.
The meliai is struck by your spines. The meliai hits you but does no damage.
Space warps horribly around you!
* * * LOW HITPOINT WARNING * * *
The meliai stings you but does no damage.
You hit the meliai but do no damage.
The meliai is moderately wounded.
The meliai invokes the aid of its god against you.
Something smites you!
* * * LOW HITPOINT WARNING * * *
The meliai mumbles some strange prayers to its god against you.
Something smites you!
You die...

###......####.#.....#
.........##yy.#####.#
#......y.ยง#.y...#.#
#......####.###y#.#
#####.## #...#...#
#...# #####y### #y###
##y# ###'#### #yy#
#......# #@##
+......# #..#
#.....t#### #+###
#......y.y#.%.y..
#......##yyyyyy..
#......####yyyy..
#......# {yy.%.
##+#####


yy.. ### You could see 2 meliai and 3 killer bees.

Vanquished Creatures
  Erolcha (D:11)
  A centaur warrior (D:14)
  4 two-headed ogres
  Nergalle (D:10)
  3 unseen horrors
  Pikel (D:7)
  An ugly thing (D:9)
  Joseph (D:7)
  Psyche (D:8)
  A gargoyle (D:14)
  A komodo dragon (D:10)
  2 trolls
  3 slime creatures (D:12)
  Prince Ribbit (D:8)
  A hippogriff (D:10)
  A wyvern (D:10)
  A shadow (D:13)
  6 yaks (D:12)
  Grum (D:8)
  4 vampire mosquitoes (D:14)
  A hungry ghost (D:6)
  Duvessa (D:7)
  A phantom (D:10)
  3 sky beasts
  2 slaves (D:7)
  8 orc warriors
  4 ice beasts
  13 centaurs
  A necrophage (D:9)
  4 wolves (D:8)
  10 bullfrogs
  A gnoll sergeant (D:8)
  3 scorpions
  Dowan (D:7)
  4 killer bees (D:12)
  14 wights
  A howler monkey (D:6)
  4 crimson imps
  A bullfrog zombie (D:11)
  3 jellies
  3 centaur zombies
  12 orc priests
  5 hounds
  A centaur skeleton (D:7)
  13 orc wizards
  4 iguanas
  10 worker ants
  Natasha (D:2)
  3 hound skeletons
  A worker ant zombie (D:11)
  4 gnolls (D:8)
  9 adders
  A river rat (D:5)
  3 shadow imps
  3 oozes
  7 worms
  A dart slug (D:1)
  8 leopard geckos
  46 orcs
  5 giant cockroaches
  8 goblins
  6 hobgoblins
  9 jackals
  8 kobolds
  4 quokkas
  3 ball pythons
  4 bats
  3 frilled lizards
  2 giant cockroach zombies
  A leopard gecko skeleton (D:5)
  A leopard gecko zombie (D:5)
  2 quokka skeletons
  10 rats
317 creatures vanquished.

Vanquished Creatures (collateral kills)
  A killer bee (D:12)
1 creature vanquished.

Grand Total: 318 creatures vanquished

Notes
Turn   | Place    | Note
-------+----------+-------------------------------------------
     0 | D:1      | polly the Demonspawn Gladiator began the quest for the Orb.
     0 | D:1      | Reached XP level 1. HP: 16/16 MP: 1/1
    99 | D:1      | Gained mutation: You regenerate a little health from kills. [demonic ancestry]
    99 | D:1      | Reached XP level 2. HP: 14/22 MP: 2/2
   592 | D:2      | Gained mutation: You are partially covered in sharp spines. [demonic ancestry]
   592 | D:2      | Reached XP level 3. HP: 26/27 MP: 3/3
   648 | D:2      | Found a shadowy altar of Dithmenos.
   936 | D:2      | Found an ancient bone altar of Kikubaaqudgha.
   938 | D:2      | Found an opulent altar of Gozag.
  1295 | D:2      | Noticed Natasha
  1308 | D:2      | Killed Natasha
  1308 | D:2      | Gained mutation: You regenerate health from kills. [demonic ancestry]
  1308 | D:2      | Reached XP level 4. HP: 12/33 MP: 4/4
  1758 | D:3      | Found a basalt altar of Yredelemnul.
  2434 | D:4      | Found a shattered altar of Ashenzari.
  2503 | D:4      | Got a transparent hat
  2514 | D:4      | Identified the +1 hat of Pivvumig {rElec Int-3 Dex-5 SInv} (You found it on level 4 of the Dungeon)
  2550 | D:4      | Reached skill level 1 in Armour
  2550 | D:4      | Reached XP level 5. HP: 27/39 MP: 5/5
  2749 | D:4      | Found a staircase to the Ecumenical Temple.
  2794 | Temple   | Entered the Ecumenical Temple
  2974 | D:4      | Found a bloodstained altar of Trog.
  3028 | D:5      | Entered Level 5 of the Dungeon
  3049 | D:5      | Noticed varamyr's ghost (amateur TrMo)
  3236 | D:4      | Reached skill level 2 in Armour
  3340 | D:5      | Reached XP level 6. HP: 19/46 MP: 6/6
  3411 | D:5      | Reached skill level 3 in Armour
  3695 | D:5      | Noticed a sky beast
  3714 | D:5      | Killed a sky beast
  3714 | D:5      | Reached skill level 4 in Armour
  3906 | D:5      | Gained mutation: You are partially covered in thin metallic scales. (AC +2) [demonic ancestry]
  3906 | D:5      | Reached XP level 7. HP: 51/51 MP: 7/7
  4121 | D:5      | Reached skill level 5 in Armour
  4134 | D:5      | Reached skill level 1 in Stealth
  4485 | D:6      | Found a shimmering altar of Xom.
  4606 | D:6      | Reached skill level 6 in Armour
  4660 | D:6      | Noticed a hungry ghost
  4669 | D:6      | Killed a hungry ghost
  4669 | D:6      | Gained mutation: You are mostly covered in sharp spines. [demonic ancestry]
  4669 | D:6      | Reached XP level 8. HP: 56/58 MP: 8/8
  4842 | D:7      | Noticed Dowan
  4844 | D:7      | Noticed Duvessa
  4859 | D:7      | Killed Duvessa
  4867 | D:7      | Killed Dowan
  4877 | D:7      | Noticed Joseph
  4884 | D:7      | Found a shimmering altar of Xom.
  4901 | D:7      | Killed Joseph
  4901 | D:7      | Reached skill level 7 in Armour
  4901 | D:7      | Reached skill level 5 in Unarmed Combat
  5244 | D:7      | Noticed Pikel
  5271 | D:7      | Killed Pikel
  5271 | D:7      | Reached XP level 9. HP: 32/66 MP: 9/9
  5521 | D:7      | Reached skill level 8 in Armour
  5692 | D:8      | Noticed Prince Ribbit
  6059 | D:8      | Noticed Grum
  6082 | D:8      | Killed Grum
  6082 | D:8      | Reached skill level 5 in Fighting
  6114 | D:8      | Killed Prince Ribbit
  6339 | D:8      | Noticed Psyche
  6346 | D:8      | Killed Psyche
  6346 | D:8      | Gained mutation: You have a pair of small antennae on your head. [demonic ancestry]
  6346 | D:8      | Reached XP level 10. HP: 68/74 MP: 10/10
  6709 | D:8      | Found an iron altar of Okawaru.
  6998 | D:8      | Became a worshipper of Warmaster Okawaru
  7205 | D:9      | Noticed a two-headed ogre
  7222 | D:9      | Killed a two-headed ogre
  7222 | D:9      | Reached * piety under Okawaru
  7222 | D:9      | Reached skill level 1 in Maces & Flails
  7222 | D:9      | Reached skill level 9 in Armour
  7320 | D:9      | Noticed a green ugly thing
  7337 | D:9      | Killed a green ugly thing
  7902 | D:10     | Entered Level 10 of the Dungeon
  7934 | D:10     | Killed an unseen horror
  7934 | D:10     | Reached ** piety under Okawaru
  8082 | D:10     | Noticed a two-headed ogre
  8089 | D:10     | Killed a two-headed ogre
  8100 | D:10     | Noticed Nergalle
  8116 | D:10     | Killed Nergalle
  8116 | D:10     | Reached *** piety under Okawaru
  8116 | D:10     | Reached skill level 5 in Maces & Flails
  8116 | D:10     | Gained mutation: You regenerate a lot of health from kills. [demonic ancestry]
  8116 | D:10     | Reached XP level 11. HP: 60/83 MP: 11/11
  8124 | D:10     | Killed an unseen horror
  8359 | D:10     | Found a staircase to the Lair.
  8470 | D:10     | Reached skill level 5 in Dodging
  8783 | D:10     | Reached skill level 10 in Armour
  8916 | D:11     | Noticed Erolcha
  8923 | D:11     | Reached **** piety under Okawaru
  8926 | D:11     | Killed Erolcha
  9014 | D:11     | Found Azaon's Assorted Antiques.
  9022 | D:11     | Bought a red potion for 18 gold pieces
  9022 | D:11     | Bought a smoky cyan potion for 18 gold pieces
  9022 | D:11     | Bought a ring of protection for 40 gold pieces
  9067 | D:11     | You fall through a shaft for 3 floors!
  9067 | D:14     | Found a portal to a secret trove of treasure.
  9125 | D:14     | Noticed a centaur warrior
  9136 | D:14     | Killed a centaur warrior
  9264 | D:14     | Reached ***** piety under Okawaru
  9549 | D:13     | Found Rekhasoe's Antique Armour Shop.
  9592 | D:13     | Found a gate to the Vaults.
  9592 | D:13     | Noticed an enchanted long sword
  9592 | D:13     | Noticed an enchanted long sword
  9898 | D:12     | Noticed a two-headed ogre
  9900 | D:12     | Noticed a two-headed ogre
  9910 | D:12     | Killed a two-headed ogre
  9910 | D:12     | Received a gift from Okawaru
  9914 | D:12     | Killed a two-headed ogre
  9914 | D:12     | Reached skill level 11 in Armour
 10100 | D:11     | Gained mutation: You are mostly covered in thin metallic scales. (AC +3) [demonic ancestry]
 10100 | D:11     | Reached XP level 12. HP: 91/91 MP: 12/12
 10274 | D:11     | Found a staircase to the Orcish Mines.
 11065 | D:12     | Killed from afar by a meliai

Vault maps used:
D:1:      saegor_arrival_under_anarchy, minmay_misc_feat_pillars
D:2:      minmay_kobold_bridge, marbit_many_paths,
          chequers_temple_overflow_statue_of_worship, first_bread, uniq_natasha
D:3:      old_standard_altar, minmay_misc_feat_cross
D:4:      lemuel_coloured_pillars_altar, minmay_temple_entry_poolview,
          columned_hall_lemuel, bloody_trog
D:5:      portal_sewer_entry_b
D:6:      kennysheep_mini
D:7:      basic_altar, uniq_duvessa, uniq_joseph, uniq_pikel
D:8:      kennysheep_okawaru_gauntlet, uniq_grum, uniq_psyche,
          uniq_prince_ribbit1
D:9:      serial_curves, eino_curves_02, eino_curves_01
D:10:     lair_entry_dummy, uniq_nergalle
D:11:     david_orc_4, serial_shops, shop, uniq_erolcha
D:12:     uniq_gastronok
D:13:     erik_vaults_1, serial_shops,
          nicolae_shop_temple_entry_statues_fountains
D:14:     minmay_crystal_room, trove_entry_hex_spiral
Temple:   nicolae_temple_great_sept

Skill      XL: |  1  2  3  4  5  6  7  8  9 10 11 12 |
---------------+-------------------------------------+-----
Dodging        | 3 4 5 |  5.4
Unarmed Combat | 3 4 6 8 |  8.6
Throwing       | 2 |  2.6
Armour         | 1 2 4 6 7 8 9 11 | 11.5
Fighting       | 3 4 5 6 7 |  7.7
Stealth        | 1 2 3 |  3.7
Maces & Flails | 5 7 8 |  8.0

Action                   |  1- 3 |  4- 6 |  7- 9 | 10-12 || total
-------------------------+-------+-------+-------+-------++-------
Melee: Unarmed           |   141 |   194 |   366 |       ||   701
       Punch             |       |     1 |     9 |    24 ||    34
       Whip              |       |       |       |   551 ||   551
Throw: Throwing net      |       |       |       |     7 ||     7
  Use: Potion            |       |       |     3 |     5 ||     8
       Scroll            |       |       |    11 |     7 ||    18
 Stab: Held in net/web   |       |       |       |     3 ||     3
  Eat: Meat ration       |       |     1 |       |       ||     1
       Chunk             |       |     5 |    10 |    15 ||    30
Armor: Leather armour    |     8 |       |       |       ||     8
       Chain mail        |    55 |   105 |   218 |   326 ||   704
Dodge: Dodged            |    61 |    53 |   149 |   234 ||   497
